 Dungeon Crawl Stone Soup version 0.24.0-123-gd5b16e6ec5 (webtiles) character file.

Game seed: 12155465290029233854, levelgen mode: deterministic

549 Elellon the Cleaver (level 7, 41/61 HPs)
             Began as a Deep Dwarf Fighter on Jan 15, 2020.
             Was an Initiate of Okawaru.
             Quit the game on level 4 of the Dungeon.
             The game lasted 00:07:17 (2349 turns).

Elellon the Cleaver (Deep Dwarf Fighter)            Turns: 2349, Time: 00:07:17

Health: 41/61      AC: 12    Str: 21    XL:     7   Next: 7%
Magic:  6/6        EV:  8    Int:  9    God:    Okawaru [......]
Gold:   157        SH:  9    Dex: 12    Spells: 6/6 levels left

rFire    . . .     SeeInvis .   a - +1 war axe
rCold    . . .     Gourm    .   c - +0 shield
rNeg     . . .     Faith    .   u - +4 ring mail
rPois    .         Spirit   .   v - +0 helmet
rElec    .         Reflect  .   (no cloak)
rCorr    .         Harm     .   (no gloves)
MR       +....                  t - +0 pair of boots
Stlth    +.........             (no amulet)
HPRegen  0.00/turn              (no ring)
MPRegen  0.10/turn              (no ring)

@: non-regenerating
A: damage resistance, heal wounds, sense surroundings 1, no regeneration
a: Heal Wounds, Renounce Religion


You were on level 4 of the Dungeon.
You worshipped Okawaru.
Okawaru was noncommittal.
You were not hungry.

You visited 1 branch of the dungeon, and saw 4 of its levels.

You collected 157 gold pieces.

Inventory:

Hand Weapons
 a - a +1 war axe (weapon)
Armour
 c - a +0 shield (worn)
 r - a +0 chain mail
 t - a +0 pair of boots (worn)
 u - a +4 ring mail (worn)
 v - a +0 helmet (worn)
Scrolls
 e - 4 scrolls of amnesia
 i - a scroll of enchant weapon
 k - 2 scrolls of immolation
 l - 3 scrolls of remove curse
 o - 3 scrolls of teleportation
 p - a scroll of blinking {unknown}
 s - 2 scrolls of identify
 x - a scroll of fear {unknown}
 y - a scroll of enchant armour {unknown}
Potions
 b - a potion of invisibility {unknown}
 d - a potion of might
 g - a potion of berserk rage {unknown}
 j - 2 potions of lignification {unknown}
 m - 2 potions of heal wounds {unknown}
 n - 2 potions of haste {unknown}
 q - a potion of magic {unknown}
 w - a potion of mutation {unknown}
Comestibles
 f - 11 rations


   Skills:
 - Level 2.6 Fighting
 + Level 8.5 Axes
 - Level 3.2 Armour
 - Level 3.2 Shields


You had 6 spell levels left.
You didn't know any spells.
Your spell library was empty.

Dungeon Overview and Level Annotations

Branches:
Dungeon (4/15)
 Temple: D:4-7

Altars:
Makhleb
Nemelex Xobeh
Okawaru
Wu Jian
Xom


Innate Abilities, Weirdness & Mutations

You are resistant to damage.
You can heal yourself by infusing magical energy.
You passively map a small area around you.
You do not regenerate.


Message History

Found a scale mail.
Found a war axe.
Found an escape hatch in the ceiling.
Unknown command.
Found 12 sling bullets.
f - 11 rations (gained 1)
Found an iron altar of Okawaru.
Search for what [Enter for "."]? .
Search for what [Enter for "."]?
Okay, then.
Found 12 gold pieces.
Found a stone staircase leading down.
The orc shouts!
There is an iron altar of Okawaru here.
You kneel at the altar of Okawaru.
Okawaru welcomes you!
The orc priest shouts!
The orc priest is too close now for your liking.
Are you sure you want to abandon this character and quit the game? (Confirm with "yes".)
Okay, then.
Are you sure you want to abandon this character and quit the game? (Confirm with "yes".)

####......#.#.......o #
#...#.....#..# ..# ..
#...(#####...#.###..##o.,
, #..... ###...?.#....o.,
, ...... ####..#....... *
#...... #.....#.....#,
##............#....# *
.... *##.$..###...# ,*
##.##* #@..# , , #.
*#._## , # * #...#
......# ..##..### , #.. *
###


You could see an orc priest and an orc.

Vanquished Creatures
  A sky beast (D:2)
  3 orc priests (D:3)
  4 orc wizards (D:3)
  Natasha (thrice) (D:3)
  4 gnolls (D:3)
  2 adders (D:3)
  6 worms
  6 dart slugs
  4 leopard geckos
  10 orcs
  9 bats
  5 giant cockroaches
  9 goblins
  9 hobgoblins
  3 jackals (D:3)
  5 ball pythons
  3 frilled lizards
  12 kobolds
  8 rats
106 creatures vanquished.

Notes
Turn   | Place    | Note
-------+----------+-------------------------------------------
     0 | D:1      | Elellon the Deep Dwarf Fighter began the quest for the Orb.
     0 | D:1      | Reached XP level 1. HP: 20/20 MP: 1/1
   117 | D:1      | Reached skill level 3 in Axes
   117 | D:1      | Reached XP level 2. HP: 27/27 MP: 2/2
   335 | D:1      | Reached XP level 3. HP: 25/33 MP: 3/3
   382 | D:1      | Reached skill level 4 in Axes
   829 | D:2      | Noticed a sky beast
   854 | D:2      | Killed a sky beast
   854 | D:2      | Reached skill level 5 in Axes
   854 | D:2      | Reached XP level 4. HP: 11/40 MP: 4/4
   854 | D:2      | Reached XP level 5. HP: 13/46 MP: 5/5
  1031 | D:2      | Reached skill level 6 in Axes
  1301 | D:2      | Found a shimmering altar of Xom.
  1570 | D:3      | Noticed Natasha
  1576 | D:3      | Killed Natasha
  1590 | D:3      | Noticed Natasha
  1595 | D:3      | Killed Natasha
  1599 | D:3      | Reached skill level 7 in Axes
  1611 | D:3      | Noticed Natasha
  1612 | D:3      | Reached XP level 6. HP: 49/55 MP: 5/5
  1804 | D:3      | Reached skill level 8 in Axes
  1886 | D:3      | Reached XP level 7. HP: 50/61 MP: 6/6
  1947 | D:3      | Found an ornate altar of the Wu Jian Council.
  1973 | D:3      | Killed Natasha
  1992 | D:3      | Found a sparkling altar of Nemelex Xobeh.
  2019 | D:3      | Found a burning altar of Makhleb.
  2340 | D:4      | Found an iron altar of Okawaru.
  2347 | D:4      | Became a worshipper of Warmaster Okawaru
  2349 | D:4      | Quit the game

Levels and vault maps discovered:
D:1:      co_arrival_random_square_maze, layout_loops_ring
D:2:      layout_loops_ring, overflow_temple_1_default
D:3:      layout_rooms, bloody_makhleb, nemelex_xobeh_ov_fountains_minmay,
          old_standard_altar, first_ration, st_stairs_3, uniq_natasha
D:4:      layout_cave_pools, lemuel_crystal_altar, overflow_temple_1_default,
          temple_doors_ab

Skill      XL: |  1  2  3  4  5  6 |
---------------+-------------------+-----
Axes           | 3 5 7 8 |  8.5
Fighting       | |  2.6
Armour         | |  3.2
Shields        | |  3.2

Action                   |  1- 3 |  4- 6 |  7- 9 || total
-------------------------+-------+-------+-------++-------
Melee: War axe           |   129 |   140 |    27 ||   296
 Abil: Heal Wounds       |       |     4 |       ||     4
  Use: Scroll            |       |       |     6 ||     6
  Eat: Chunk             |       |     4 |     1 ||     5
Armor: Scale mail        |    59 |       |       ||    59
       Chain mail        |       |    58 |       ||    58
       Ring mail         |       |    15 |    12 ||    27
Dodge: Dodged            |    32 |    35 |     5 ||    72
Block: Shield            |    69 |    66 |     8 ||   143
